Map: Odyssey LE

Players

Nerchio - Winner!

  • Race: Zerg Zerg
  • League: Master
  • Spawn Location: 11:00

DnS

  • Race: Protoss Protoss
  • League: Master
  • Spawn Location: 5:00

VOD

Have the link to the VOD?

Description

Time

  • Played on: Nov. 19, 2017, 10:17 a.m.
  • Length: 22:02
Show
View Real Time Build Order
Export as new Build Order

Nerchio Zerg - Winner!

Build Orders: Hatch First, Brood Lord Corruptor 

Get SALT Encoding   

  12  0:00  Drone  
  13  0:12  Overlord  
  13  0:16  Drone  
  14  0:31  Drone x2  
  14  0:34  Drone  
  17  0:52  Hatchery  
  17  0:55  Drone  
  17  0:58  Drone  
  18  1:05  Extractor  
  17  1:15  Spawning Pool  
  17  1:18  Drone  
  17  1:22  Drone  
  18  1:30  Drone  
  19  1:38  Overlord  
  19  1:50  Drone  
  20  2:01  Queen  
  20  2:02  Zergling x2  
  20  2:04  Metabolic Boost  
  20  2:08  Queen  
  23  2:12  Zergling x2  
  26  2:16  Drone  
  26  2:19  Drone  
  28  2:23  Drone  
  28  2:25  Drone  
  30  2:42  Hatchery  
  30  2:43  Drone  
  30  2:46  Drone  
  30  2:49  Drone  
  30  2:51  Drone  
  33  2:55  Overlord  
  33  3:02  Queen  
  33  3:05  Zergling x2  
  36  3:13  Zergling x2  
  36  3:17  Drone x2, Zergling x2  
  36  3:18  Drone x2  
  36  3:19  Drone  
  43  3:23  Spore Crawler  
  43  3:25  Drone  
  43  3:28  Overlord  
  42  3:42  Zergling x4  
  42  3:46  Overlord  
  43  3:51  Zergling x6  
  43  3:55  Drone x4  
  48  3:56  Drone  
  48  3:57  Drone  
  48  4:01  Spore Crawler  
  48  4:02  Evolution Chamber  
  47  4:03  Zergling x2  
  47  4:05  Queen  
  47  4:07  Drone  
  47  4:08  Drone  
  52  4:11  Drone  
  52  4:15  Drone  
  52  4:19  Drone  
  52  4:21  Drone, Spore Crawler  
  53  4:26  Overlord  
  53  4:29  Drone x3  
  53  4:31  Queen  
  58  4:34  Overlord  
  58  4:35  Drone  
  58  4:37  Overlord  
  59  4:42  Drone x2  
  59  4:47  Drone  
  57  4:53  Zerg Missile Weapons Level 1  
  57  4:54  Overlord x2  
  57  4:55  Drone x2  
  57  4:59  Zergling x4  
  60  5:01  Overlord  
  60  5:06  Drone x2  
  62  5:07  Drone, Roach Warren  
  62  5:08  Drone  
  62  5:10  Overlord  
  63  5:21  Drone x3  
  63  5:23  Drone  
  63  5:24  Drone  
  63  5:25  Hatchery  
  67  5:29  Drone x3, Extractor  
  67  5:30  Drone, Extractor  
  67  5:35  Drone x4  
  73  5:38  Overlord  
  73  5:41  Extractor  
  73  5:42  Lair  
  72  5:46  Overlord  
  72  5:47  Drone x2  
  72  5:48  Drone  
  75  5:53  Overlord  
  75  6:01  Roach x7  
  89  6:06  Overlord  
  89  6:11  Roach x3  
  95  6:13  Overlord  
  95  6:16  Roach x2  
  98  6:22  Overlord, Extractor  
  98  6:25  Roach x2  
  101  6:30  Queen x2  
  105  6:33  Spore Crawler  
  104  6:40  Queen  
  104  6:46  Glial Reconstitution, Infestation Pit, Hydralisk Den  
  104  6:50  Spore Crawler  
  104  6:52  Drone x3, Spore Crawler  
  104  6:53  Drone x2, Spore Crawler  
  106  6:55  Drone x2  
  106  6:56  Drone  
  106  6:58  Drone  
  106  6:59  Drone  
  106  7:01  Drone x2  
  113  7:02  Drone  
  113  7:06  Drone x3, Queen  
  113  7:07  Drone  
  120  7:09  Overlord  
  120  7:15  Muscular Augments  
  120  7:16  Spore Crawler  
  120  7:18  Zerg Missile Weapons Level 2  
  119  7:23  Infestor, Extractor  
  119  7:26  Hydralisk x2  
  124  7:30  Spore Crawler x2  
  124  7:31  Spore Crawler  
  124  7:34  Drone  
  124  7:35  Drone x5  
  127  7:37  Drone  
  127  7:38  Drone  
  127  7:39  Drone  
  127  7:40  Drone  
  127  7:41  Drone  
  130  7:47  Queen  
  126  7:52  Queen x2  
  126  7:56  Hydralisk x3  
  132  8:00  Hydralisk  
  132  8:01  Hydralisk  
  136  8:06  Hydralisk x2  
  136  8:10  Hydralisk  
  136  8:11  Hydralisk  
  140  8:13  Hydralisk x2  
  140  8:15  Hydralisk  
  140  8:18  Hydralisk  
  140  8:19  Hydralisk  
  148  8:23  Extractor  
  148  8:24  Hydralisk  
  148  8:25  Hydralisk x2  
  148  8:26  Hydralisk  
  153  8:29  Hydralisk  
  157  8:39  Pneumatized Carapace, Overlord x2  
  157  8:46  Lurker Den  
  156  8:52  Hydralisk x2  
  156  8:53  Overlord  
  156  8:54  Overlord  
  156  8:55  Zergling x16  
  162  8:58  Hydralisk x2  
  162  9:02  Hydralisk x2  
  172  9:09  Overlord  
  176  9:13  Hydralisk x4  
  183  9:21  Hydralisk x3  
  189  9:25  Zergling x20  
  199  9:42  Hydralisk  
  199  9:50  Spire  
  192  9:57  Hydralisk  
  192  9:58  Hydralisk x2  
  179  10:00  Hydralisk x7  
  184  10:11  Hydralisk x4  
  189  10:17  Zergling x16  
  191  10:23  Hydralisk x4  
  166  10:42  Hatchery, Roach x9  
  180  10:44  Zerg Ground Armor Level 1  
  180  10:45  Roach x3  
  186  10:53  Roach  
  188  10:58  Hatchery, Roach x4  
  188  11:02  Roach x2  
  188  11:03  Roach  
  198  11:20  Hive, Extractor  
  169  11:46  Hydralisk x8  
  145  11:48  Corruptor  
  145  11:49  Corruptor x4  
  145  11:51  Zergling x20  
  145  11:53  Roach x2  
  155  11:57  Roach x3  
  155  11:58  Roach  
  155  12:00  Roach  
  155  12:01  Roach  
  167  12:02  Roach  
  167  12:03  Roach  
  167  12:06  Roach x2  
  167  12:07  Roach  
  171  12:08  Roach  
  171  12:13  Extractor  
  171  12:15  Corruptor  
  174  12:17  Corruptor  
  171  12:24  Corruptor  
  171  12:26  Hatchery  
  171  12:29  Corruptor  
  172  12:36  Corruptor x2  
  178  12:40  Hatchery  
  178  12:42  Corruptor  
  179  12:47  Corruptor  
  179  12:50  Corruptor  
  183  12:59  Overseer  
  183  13:06  Greater Spire  
  183  13:11  Hydralisk x7  
  197  13:18  Overlord  
  196  13:39  Extractor  
  190  14:00  Hatchery  
  189  14:21  Brood Lord  
  189  14:22  Brood Lord x4  
  195  14:25  Brood Lord x6  
  195  14:27  Brood Lord  
  199  14:34  Brood Lord  
  193  14:46  Evolution Chamber  
  190  14:53  Adrenal Glands  
  190  14:56  Evolution Chamber, Zerg Melee Weapons Level 1  
  189  15:05  Hydralisk x11  
  189  15:08  Corruptor  
  175  15:16  Hydralisk x4  
  179  15:25  Hydralisk x4  
  179  15:26  Hydralisk  
  189  15:35  Hydralisk x5  
  199  15:48  Zergling x2  
  200  15:53  Zerg Missile Weapons Level 3  
  200  16:01  Overseer  
  200  16:02  Overseer x3  
  192  16:14  Corruptor x2  
  192  16:15  Corruptor  
  198  16:24  Hatchery  
  198  16:25  Corruptor  
  167  16:29  Hydralisk x2  
  167  16:31  Hydralisk  
  146  16:34  Hatchery  
  130  16:40  Zergling x6  
  130  16:41  Hydralisk  
  130  16:42  Hydralisk  
  118  16:50  Hydralisk  
  118  16:51  Hydralisk x2  
  110  16:54  Roach  
  110  16:55  Roach x3  
  110  16:56  Roach  
  110  16:58  Roach  
  116  17:11  Brood Lord x4  
  116  17:15  Hydralisk x2  
  124  17:18  Hydralisk  
  124  17:21  Hydralisk  
  132  17:24  Hydralisk x3  
  132  17:29  Hydralisk  
  140  17:31  Hydralisk  
  142  17:46  Corruptor x2  
  146  17:54  Corruptor  
  148  18:05  Corruptor  
  148  18:11  Overlord x2  
  150  18:14  Corruptor  
  156  18:27  Brood Lord x2  
  156  18:29  Zerg Melee Weapons Level 2  
  156  18:34  Brood Lord  
  158  18:39  Brood Lord, Overlord x2  
  160  18:46  Corruptor  
  160  18:47  Corruptor  
  164  18:51  Corruptor  
  166  19:01  Corruptor x2  
  170  19:06  Infestor x2  
  174  19:10  Hydralisk x2  
  174  19:12  Hydralisk  
  179  19:21  Hydralisk  
  179  19:22  Hydralisk x3  
  167  19:27  Corruptor  
  147  19:33  Hydralisk  
  147  19:34  Hydralisk  
  147  19:36  Hydralisk  
  147  19:37  Hydralisk  
  145  19:47  Hydralisk x3  
  145  19:49  Zergling x2  
  145  19:50  Zergling x4  
  154  19:54  Hydralisk  
  156  20:13  Hydralisk x2  
  156  20:14  Hydralisk  
  147  20:42  Hydralisk  
  145  20:43  Hydralisk  
  145  20:49  Zergling x2  
  142  20:58  Hydralisk x5  
  142  20:59  Overlord  
  142  21:00  Overlord x7  
  146  21:10  Drone  
  146  21:11  Drone x3  
  145  21:22  Hatchery  
  146  21:43  Zergling x2  
  146  21:44  Zergling x8  
Show
View Real Time Build Order
Export as new Build Order

DnS Protoss 

Build Orders: 1 Gate Expand, Oracle Opening 

Get SALT Encoding   

  12  0:00  Probe  
  13  0:12  Probe  
  14  0:19  Pylon  
  14  0:24  Probe  
  15  0:37  Probe (Chrono Boost)  
  16  0:44  Gateway  
  16  0:48  Probe (Chrono Boost)  
  16  0:49  Assimilator  
  17  0:52  Probe (Chrono Boost)  
  18  1:04  Probe (Chrono Boost)  
  20  1:13  Probe (Chrono Boost)  
  20  1:22  Nexus  
  20  1:33  Cybernetics Core  
  20  1:35  Probe  
  21  1:43  Assimilator  
  21  1:47  Probe  
  21  1:50  Pylon  
  22  1:59  Probe  
  23  2:09  Adept (Chrono Boost)  
  23  2:11  Probe  
  26  2:20  Stargate  
  26  2:24  Probe (Chrono Boost)  
  26  2:26  Adept  
  29  2:34  Probe (Chrono Boost)  
  31  2:37  Warp Gate  
  32  2:45  Probe x2 (Chrono Boost)  
  32  2:48  Probe x2  
  34  2:53  Adept  
  36  3:04  Oracle (Chrono Boost)  
  39  3:07  Probe x2  
  39  3:09  Pylon  
  41  3:17  Gateway  
  41  3:19  Probe x2  
  43  3:28  Shield Battery  
  43  3:29  Shield Battery  
  43  3:31  Probe x2  
  43  3:33  Oracle  
  48  3:48  Probe  
  47  3:56  Probe  
  47  4:00  Probe, Adept  
  47  4:01  Assimilator  
  49  4:03  Assimilator  
  49  4:07  Pylon  
  49  4:08  Probe  
  50  4:12  Probe  
  51  4:18  Phoenix (Chrono Boost)  
  51  4:20  Probe  
  54  4:25  Probe  
  54  4:27  Shield Battery  
  54  4:28  Pylon  
  55  4:32  Probe  
  55  4:36  Stargate  
  55  4:37  Pylon, Probe  
  57  4:55  Oracle (Chrono Boost), Adept x2  
  57  4:56  Pylon  
  64  5:06  Probe  
  65  5:07  Pylon  
  65  5:13  Probe  
  66  5:16  Shield Battery  
  66  5:20  Nexus  
  66  5:21  Pylon  
  66  5:23  Oracle (Chrono Boost)  
  66  5:24  Pylon, Oracle (Chrono Boost)  
  66  5:27  Pylon, Probe x2  
  74  5:39  Probe x2  
  74  5:40  Adept x2  
  83  5:51  Shield Battery, Probe x2  
  83  5:52  Oracle (Chrono Boost)  
  88  5:57  Oracle (Chrono Boost)  
  88  6:02  Adept x2  
  88  6:03  Probe x2  
  94  6:15  Probe x2  
  94  6:18  Oracle  
  96  6:23  Twilight Council  
  96  6:25  Forge  
  99  6:27  Probe (Chrono Boost)  
  99  6:29  Oracle  
  104  6:37  Probe (Chrono Boost)  
  104  6:39  Probe x3 (Chrono Boost)  
  107  6:42  Probe  
  108  6:47  Probe  
  108  6:49  Stalker x2  
  108  6:51  Probe  
  108  6:53  Robotics Facility  
  114  6:56  Gateway  
  114  6:59  Probe  
  114  7:00  Probe  
  116  7:01  Assimilator  
  116  7:02  Assimilator  
  116  7:05  Blink (Chrono Boost)  
  116  7:08  Protoss Ground Weapons Level 1  
  116  7:10  Gateway  
  116  7:12  Gateway  
  116  7:13  Probe  
  116  7:14  Probe x2  
  116  7:15  Gateway  
  119  7:28  Gateway  
  119  7:34  Gateway  
  119  7:35  Pylon, Gateway  
  119  7:36  Oracle  
  122  7:45  Stalker x2  
  122  7:49  Immortal  
  121  8:08  Robotics Bay  
  121  8:17  Nexus  
  121  8:20  Pylon, Sentry x2  
  121  8:21  Pylon, Robotics Facility  
  121  8:23  Stalker x4  
  133  8:29  Pylon  
  133  8:30  Pylon  
  133  8:31  Pylon  
  133  8:38  Observer (Chrono Boost)  
  134  8:41  Gateway  
  134  8:42  Gateway  
  134  8:43  Probe x3  
  134  8:44  Gateway  
  134  8:45  Photon Cannon  
  134  8:46  Shield Battery  
  137  8:53  Assimilator  
  137  8:58  Colossus (Chrono Boost), Extended Thermal Lance  
  143  9:09  Colossus (Chrono Boost)  
  149  9:16  Stalker x4  
  154  9:22  Stalker  
  154  9:34  Colossus  
  160  9:41  Stalker x4  
  168  9:49  Stalker x4  
  172  9:57  Stalker  
  167  10:04  Stalker x3  
  167  10:05  Stalker  
  167  10:06  Warp Prism  
  162  10:13  Zealot x4  
  153  10:28  Colossus (Chrono Boost)  
  136  10:32  Charge (Chrono Boost)  
  132  10:35  Zealot x2  
  132  10:36  Zealot x2  
  132  10:39  Cybernetics Core  
  140  10:52  Protoss Ground Weapons Level 2 (Chrono Boost), Colossus (Chrono Boost)  
  144  11:10  Probe x4  
  148  11:12  Gateway  
  148  11:19  Sentry x2, Stalker x3  
  148  11:20  Stalker  
  148  11:22  Probe x3  
  148  11:25  Probe  
  155  11:37  Stalker x3  
  113  11:49  Immortal x2  
  116  11:59  Probe x2  
  118  12:03  Zealot x8  
  118  12:04  Zealot  
  118  12:07  Probe x2  
  138  12:11  Probe x2  
  138  12:15  Assimilator  
  136  12:28  Sentry x2  
  136  12:29  Sentry, Stalker x2  
  140  12:43  Probe x4  
  144  12:45  Photon Cannon  
  144  12:47  Photon Cannon, Shield Battery  
  144  12:50  Pylon, Immortal x2 (Chrono Boost)  
  152  12:55  Zealot  
  152  12:56  Templar Archives  
  154  13:14  Zealot  
  154  13:15  Zealot x3  
  154  13:16  Zealot x4  
  166  13:29  Observer  
  166  13:30  Observer  
  168  13:42  High Templar  
  168  13:43  High Templar x4  
  168  13:44  High Templar  
  168  13:45  Stalker x3  
  168  13:48  Archon x3  
  178  13:50  Warp Prism  
  176  13:56  Gateway  
  176  13:57  Gateway  
  176  13:58  Photon Cannon  
  176  14:06  Protoss Ground Weapons Level 3 (Chrono Boost)  
  176  14:14  High Templar x2  
  176  14:16  Stalker x3  
  186  14:18  Archon  
  186  14:22  Stalker  
  186  14:25  Zealot  
  181  14:39  Stalker x3  
  187  14:58  Pylon  
  187  14:59  Pylon  
  187  15:00  Pylon  
  159  15:28  Stalker x2  
  159  15:29  Stalker x9  
  159  15:31  Void Ray x2 (Chrono Boost)  
  165  15:55  Stalker  
  165  15:56  Stalker x8  
  183  16:01  High Templar x2  
  187  16:05  Archon  
  119  16:33  Stalker x6  
  99  16:47  Stalker x2  
  99  16:48  Stalker x2  
  103  16:59  High Templar x2  
  107  17:03  Archon  
  107  17:17  High Templar x2  
  107  17:18  Zealot x4  
  107  17:21  Archon  
  119  17:27  Sentry  
  121  17:45  Nexus  
  121  18:01  High Templar x2  
  121  18:05  Archon  
  125  18:11  Stalker  
  125  18:12  Stalker x4  
  126  18:36  Nexus  
  126  18:43  Sentry x2  
  130  18:51  Sentry x3  
  136  19:03  Stalker x2  
  140  19:13  Stalker  
  71  19:39  High Templar x2, Stalker x2  
  71  19:44  Archon  
  69  19:58  Stalker x4  
  75  20:03  Stalker  
  75  20:06  Stalker  
  75  20:19  Zealot x2  
  75  20:20  Zealot x2  
  56  20:40  Stalker x2  
  50  21:25  Stalker  
  50  21:26  Stalker x3  
Tags
 
Add a new tag
Caveats
  • Supply blocks, unpowered buildings, or Contaminate may cause inaccurate times.
  • Supply counts are checked every 10 seconds.